AoeStats
← Ken

Fortress

507267230Analyzed
4v4 RM · 15d ago on Sep 17, 2026· 47m 34s· 8 players
Game mode
Random Map
Map size
Huge
Population
200
Speed
Normal
Resources
Standard
Victory
Conquest
Starting age
Dark Age
Ending age
Imperial Age
RankedLock teamsTeams togetherTeam positionsShared explorationLock speedFull tech treeHidden civsTurbo modeCheats
Victory
Defeat
🇹🇼 Goths · Taiwan
1119
+15
🇸🇪 Britons · Sweden
1108
+16
🇩🇪 Mongols · Germany
1065
+17
🇨🇳 Franks · China
1034
+18
🇭🇰 Portuguese · Hong Kong SAR China
1115
-36
🇨🇳 Turks · China
1100
-17
🇹🇼 Mongols · Taiwan
1087
-16
🇻🇳 Franks · Vietnam
1083
-16
适才相戏耳
6:01 Feudal Age
6:35 Double-Bit Axe
6:32 Horse Collar
9:24 Gold Mining
11:09 Wheelbarrow
15:25 Castle Age
17:33 Bow Saw
18:57 Hand Cart
19:33 Heavy Plow
25:09 Imperial Age
22:26 Loom
24:05 Stone Mining
26:16 Conscription
27:42 Two-Man Saw
27:48 Chemistry
27:10 Ballistics
29:20 Siege Engineers
30:42 Arquebus
32:32 Elite Organ Gun
35:59 Coinage
bthi68153
7:36 Feudal Age
11:43 Castle Age
10:31 Double-Bit Axe
10:55 Gold Mining
20:13 Wheelbarrow
20:48 Loom
20:54 Loom
21:00 Loom
24:48 Imperial Age
22:56 Forging
23:15 Scale Barding Armor
25:20 Iron Casting
24:57 Cavalier
26:19 Chain Barding Armor
28:36 Blast Furnace
27:01 Light Cavalry
28:41 Plate Barding Armor
33:02 Chemistry
32:19 Paladin
33:25 Elite Skirmisher
34:00 Fletching
41:07 Husbandry
东京节度使
0:32 Loom
7:42 Feudal Age
11:31 Double-Bit Axe
15:44 Castle Age
13:39 Horse Collar
13:54 Gold Mining
18:31 Bow Saw
20:14 Heavy Plow
26:27 Imperial Age
24:03 Town Watch
25:01 Masonry
26:09 Wheelbarrow
30:00 Gold Shaft Mining
32:09 Conscription
遠方的燈
0:43 Loom
10:01 Feudal Age
10:46 Double-Bit Axe
10:42 Horse Collar
10:53 Gold Mining
14:22 Castle Age
15:54 Bow Saw
15:48 Heavy Plow
28:27 Wheelbarrow
27:38 Town Watch
32:46 Imperial Age
30:32 Hand Cart
30:44 Bloodlines
29:59 Elite Skirmisher
30:41 Husbandry
31:00 Scale Barding Armor
31:01 Nomads
31:43 Thumb Ring
32:54 Ballistics
32:29 Fletching
32:39 Padded Archer Armor
32:50 Forging
32:17 Light Cavalry
34:10 Chain Barding Armor
34:26 Iron Casting
33:14 Hussar
34:37 Conscription
35:26 Parthian Tactics
36:04 Chemistry
35:09 Siege Engineers
36:08 Bodkin Arrow
36:28 Leather Archer Armor
37:15 Blast Furnace
37:25 Blast Furnace
37:28 Siege Engineers
37:25 Bracer
38:53 Scale Mail Armor
41:40 Elite Mangudai
42:13 Elite Mangudai
fruchtoase5
8:28 Feudal Age
7:06 Loom
9:01 Horse Collar
10:15 Town Watch
13:26 Castle Age
12:27 Double-Bit Axe
12:38 Gold Mining
15:05 Bow Saw
19:53 Wheelbarrow
19:53 Heavy Plow
25:23 Hand Cart
25:30 Stone Mining
26:16 Gold Shaft Mining
27:33 Bloodlines
28:44 Ballistics
28:40 Fortified Wall
28:21 Fletching
30:05 Caravan
34:14 Masonry
34:00 Murder Holes
36:56 Coinage
36:55 Thumb Ring
40:17 Imperial Age
38:08 Bodkin Arrow
38:14 Padded Archer Armor
40:24 Leather Archer Armor
40:29 Onager
42:08 Conscription
42:11 Drill
46:14 Banking
45:13 Siege Onager
47:23 Bracer
混元霹靂手
0:33 Loom
6:52 Feudal Age
8:37 Double-Bit Axe
14:55 Castle Age
13:08 Horse Collar
24:04 Imperial Age
22:09 Forging
23:49 Iron Casting
23:14 Scale Mail Armor
24:01 Man-at-Arms
25:13 Squires
25:18 Scale Mail Armor
25:09 Long Swordsman
27:16 Wheelbarrow
28:19 Blast Furnace
27:34 Chain Mail Armor
27:46 Chain Mail Armor
27:01 Two-Handed Swordsman
28:06 Champion
30:19 Gold Mining
30:39 Bow Saw
30:34 Heavy Plow
31:02 Pikeman
32:30 Halberdier
33:27 Hand Cart
34:41 Chemistry
34:09 Perfusion
39:11 Elite Huskarl
41:24 Ballistics
44:28 Caravan
44:28 Fletching
Ken
7:16 Feudal Age
12:09 Castle Age
10:52 Double-Bit Axe
12:50 Loom
13:51 Bow Saw
17:46 Loom
18:36 Wheelbarrow
22:01 Hand Cart
26:52 Imperial Age
24:45 Husbandry
25:16 Scale Barding Armor
25:22 Forging
27:19 Chain Barding Armor
28:15 Cavalier
29:23 Gold Mining
30:37 Iron Casting
30:45 Gold Shaft Mining
32:06 Plate Barding Armor
32:32 Blast Furnace
33:06 Paladin
35:14 Conscription
34:55 Chivalry
36:52 Fletching
37:25 Stone Mining
37:35 Bodkin Arrow
37:41 Scale Mail Armor
37:41 Padded Archer Armor
39:33 Murder Holes
41:43 #83
43:16 Caravan
43:34 Chain Mail Armor
43:34 Leather Archer Armor
45:20 Chemistry
44:41 Ballistics
ikaros
7:36 Feudal Age
11:27 Castle Age
9:24 Double-Bit Axe
11:28 Horse Collar
15:32 Fletching
17:37 Loom
18:17 Bow Saw
23:26 Bodkin Arrow
24:53 Gold Mining
25:43 Padded Archer Armor
30:09 Imperial Age
27:36 Pikeman
29:04 Scale Mail Armor
30:09 Ballistics
30:53 Wheelbarrow
30:09 Town Watch
30:54 Bracer
33:06 Chemistry
31:48 Halberdier
32:28 Squires
34:45 Gold Shaft Mining
34:43 Leather Archer Armor
35:39 Elite Longbowman
37:04 Conscription
37:09 Forging
40:59 Yeomen
42:46 Chain Mail Armor
43:02 Ring Archer Armor
43:07 Warwolf
43:16 Arson
44:03 Plate Mail Armor
44:09 Iron Casting
Connection lost

Rejoining the realm…

Still unreachable

The connection could not be restored.

Session expired

The server has moved on; the page needs a fresh start.